Thunder vs Carnivores
Created - February 23, 2021 at 21:25
Goals
|
| Thunder |
3 |
0 |
1 |
4 |
| Carnivores |
0 |
2 |
1 |
3 |
|
Shots
|
| Thunder |
10 |
12 |
10 |
32 |
| Carnivores |
11 |
11 |
6 |
28 |
|
1st period
1. Thunder , Trevor Lewis 18 (Angelo Esposito 18) at 9:52
2. Thunder , Artturi Lehkonen 10 (Brayden Point 25, Mikko Vainonen 19) at 13:00 (PP)
3. Thunder , Jamie McGinn 20 (William Karlsson 48) at 13:52 (PP)
Penalties :
Scott Laughton (Bre) for Hooking (Minor) at 12:12, Mat Clark (Bre) for Hooking (Minor) at 13:44
2nd period
4. Carnivores , Joel Armia 16 (Nicolas Kerdiles 42, T.J Brodie 23) at 7:40
5. Carnivores , Nicolas Kerdiles 37 (Scott Laughton 50) at 9:41
Penalties :
Blake Geoffrion (Bre) for Interference (Minor) at 0:37, Brett Connolly (Bre) for Hooking (Minor) at 2:59, Gianluca Curcuruto (TRO) for Diving (Minor) at 7:59, Blake Geoffrion (Bre) for Hooking (Minor) at 9:12, Brett Connolly (Bre) for Tripping (Minor) at 17:08
3rd period
6. Carnivores , Mark McNeill 13 (Anton Gustafsson 22, Chris Lawrence 33) at 11:38
7. Thunder , William Karlsson 34 (Jamie McGinn 16, Gianluca Curcuruto 20) at 12:01 (PP)
Penalties :
Scott Laughton (Bre) for Hooking (Minor) at 8:21, Joel Armia (Bre) for Hooking (Minor) at 11:46, Jesper Pettersson (TRO) for Hooking (Minor) at 15:33
Goalie Stats
Sergei Kostenko (TRO), 25 saves from 28 shots - (0.893), W, 5-9-0, 60:00 minutes
Niklas Svedberg (Bre), 28 saves from 32 shots - (0.875), L, 22-5-2, 59:42 minutes
Players Stats for Thunder
Player Name G A P +/- PIM S H SB GA TA FO MP PP MP PK MP
------------------------------------------------------------------------------------
Angelo Esposito 0 1 1 1 0 1 4 0 0 0 1/1 14:18 0:00 0:00
Artturi Lehkonen 1 0 1 -1 0 8 1 0 2 1 0/0 18:27 4:25 0:00
Artur Gavrus 0 0 0 0 0 0 0 0 0 0 0/0 0:00 0:00 0:00
Austin Poganski 0 0 0 -1 0 1 0 0 0 1 0/0 18:27 4:25 0:00
Brayden Point 0 1 1 -2 0 2 1 2 0 1 6/9 20:39 4:30 1:40
Colby Cave 0 0 0 0 0 0 0 0 0 0 0/0 1:09 0:00 0:31
Colton Sceviour 0 0 0 -1 0 0 1 0 0 1 1/2 21:14 5:13 0:00
Emil Johansson 0 0 0 -1 0 1 1 3 0 1 0/0 20:21 3:38 1:03
Gianluca Curcuruto 0 1 1 -1 2 0 0 0 1 1 0/0 25:13 6:33 0:59
Jakob Lilja 0 0 0 1 0 3 3 0 0 1 0/0 11:53 0:00 0:31
Jamie McGinn 1 1 2 -1 0 6 1 0 2 1 0/1 22:11 5:16 0:50
Jarrod Maidens 0 0 0 0 0 0 0 0 0 0 0/0 0:00 0:00 0:00
Jesper Pettersson 0 0 0 -1 2 0 0 0 0 0 0/0 18:54 3:38 0:03
Mackenze Stewart 0 0 0 0 0 0 0 0 0 1 0/0 14:43 0:00 1:54
Mikko Vainonen 0 1 1 -1 0 1 2 1 0 1 0/0 26:50 6:42 2:09
Nikolay Prokhorkin 0 0 0 0 0 0 0 0 0 0 0/0 3:32 0:00 0:00
Ryan Graves 0 0 0 0 0 0 0 2 0 0 0/0 14:36 0:41 0:16
Trevor Lewis 1 0 1 1 0 1 0 0 0 0 2/3 12:16 0:00 0:50
Vincent Dunn 0 0 0 0 0 0 0 0 0 0 0/0 1:25 0:41 0:00
William Karlsson 1 1 2 -2 0 7 3 0 2 1 18/32 24:06 5:09 1:30
Zach Stepan 0 0 0 0 0 1 1 0 1 0 1/2 5:46 0:49 0:32
Players Stats for Carnivores
Player Name G A P +/- PIM S H SB GA TA FO MP PP MP PK MP
------------------------------------------------------------------------------------
Andreas Englund 0 0 0 0 0 0 0 0 0 0 0/0 12:38 0:00 4:08
Anton Gustafsson 0 1 1 1 0 4 0 0 4 0 4/7 14:32 0:00 5:36
Blake Geoffrion 0 0 0 -1 4 3 2 0 0 0 0/0 14:29 1:29 0:00
Brett Connolly 0 0 0 0 4 2 0 1 0 0 0/0 7:51 0:00 0:00
Carl Dahlstrom 0 0 0 1 0 1 1 0 0 1 0/0 7:12 0:00 0:00
Chris Lawrence 0 1 1 -1 0 0 0 0 1 0 0/0 14:34 1:30 0:00
Christian Djoos 0 0 0 1 0 0 1 0 0 0 0/0 7:12 0:00 0:00
Freddie Hamilton 0 0 0 0 0 0 0 0 0 0 0/0 0:21 0:00 0:00
Hunter Shinkaruk 0 0 0 1 0 2 0 0 1 0 0/0 10:14 0:00 0:27
Joel Armia 1 0 1 1 2 4 1 0 2 1 1/4 17:10 1:42 0:00
Josh Morrissey 0 0 0 0 0 1 0 0 0 0 0/0 26:10 1:27 6:12
Lucas Wallmark 0 0 0 0 0 0 2 0 0 0 0/1 9:50 0:00 2:53
Mark McNeill 1 0 1 1 0 2 2 0 0 0 0/0 11:54 0:00 1:54
Markus Granlund 0 0 0 -1 0 0 1 0 0 1 6/9 14:59 1:30 0:13
Mat Clark 0 0 0 0 2 3 3 0 0 3 0/0 26:09 1:27 6:12
Nicolas Deslauriers 0 0 0 0 0 1 0 0 0 0 0/0 11:25 0:00 4:00
Nicolas Kerdiles 1 1 2 2 0 2 0 0 2 0 3/4 23:21 1:42 5:32
Scott Laughton 0 1 1 2 4 3 2 1 0 0 7/25 18:07 1:42 0:05
T.J Brodie 0 1 1 1 0 0 1 0 1 1 0/0 18:38 1:45 4:08
Travis Dermott 0 0 0 1 0 0 0 0 0 1 0/0 14:00 1:45 0:00
Trevor Van Riemsdyk 0 0 0 0 0 0 0 0 0 0 0/0 8:00 0:00 0:00
3 Stars
1 - Nicolas Kerdiles (Bre)
2 - Jamie McGinn (TRO)
3 - William Karlsson (TRO)
Power Play
Thunder - 3 on 8 Attempt(s) - 37.50%
Carnivores - 0 on 2 Attempt(s) - 0.00%
Penalty Kill
Thunder - 2 on 2 Attempt(s) - 100.00%
- Score 0 goal in Penalty Kill
Carnivores - 5 on 8 Attempt(s) - 62.50%
- Score 0 goal in Penalty Kill
Team Stat
Thunder - Hits : 18 - Faceoff Wins : 29 - Blocked Shots : 8 - Penalty Minutes : 4
Carnivores - Hits : 16 - Faceoff Wins : 21 - Blocked Shots : 2 - Penalty Minutes : 16
Official
Referees : Unknown
Linesman : Unknown
Game Notes
No Game Note
Finance
Level 1 -- Attendance: 1459 (72.95%) -- Ticket Income $55,442
Level 2 -- Attendance: 709 (70.90%) -- Ticket Income $14,180
Total Attendance: 2168 (72.27%)
Total Ticket Income: $69,622
Other Income: $3,481
Total Income: $73,103
Thunder
5 vs 5 Forward
Center Left Wing Right Wing Time % Phy DF OF
1 William Karlsson Jamie McGinn Colton Sceviour 40 1 2 2
2 Brayden Point Artturi Lehkonen Austin Poganski 30 1 2 2
3 Trevor Lewis Jakob Lilja Angelo Esposito 20 1 2 2
4 Angelo Esposito Nikolay Prokhorkin William Karlsson 10 1 2 2
5 vs 5 Defense
Defense Defense Time % Phy DF OF
1 Mikko Vainonen Gianluca Curcuruto 40 1 2 2
2 Emil Johansson Jesper Pettersson 30 1 2 2
3 Ryan Graves Mackenze Stewart 20 1 2 2
4 Mikko Vainonen Gianluca Curcuruto 10 1 2 2
PowerPlay Forward
Center Left Wing Right Wing Time % Phy DF OF
1 William Karlsson Jamie McGinn Colton Sceviour 60 1 2 2
2 Brayden Point Artturi Lehkonen Austin Poganski 40 1 2 2
PowerPlay Defense
Defense Defense Time % Phy DF OF
1 Mikko Vainonen Gianluca Curcuruto 60 1 2 2
2 Emil Johansson Jesper Pettersson 40 1 2 2
Penalty Kill 4 Players Forward
Center Wing Time % Phy DF OF
1 William Karlsson Brayden Point 60 1 2 2
2 Trevor Lewis Jamie McGinn 40 1 2 2
Penalty Kill 4 Players Defense
Defense Defense Time % Phy DF OF
1 Mikko Vainonen Gianluca Curcuruto 60 1 2 2
2 Emil Johansson Jesper Pettersson 40 1 2 2
Penalty Kill - 3 Players Forward
Forward Time % Phy DF OF
1 William Karlsson 60 1 2 2
2 Brayden Point 40 1 2 2
Penalty Kill - 3 Players Defense
Defense Defense Time % Phy DF OF
1 Mikko Vainonen Gianluca Curcuruto 60 1 2 2
2 Emil Johansson Jesper Pettersson 40 1 2 2
4 vs 4 Forward
Center Wing Time % Phy DF OF
1 William Karlsson Brayden Point 60 1 2 2
2 Trevor Lewis Jamie McGinn 40 1 2 2
4 vs 4 Defense
Defense Defense Time % Phy DF OF
1 Mikko Vainonen Gianluca Curcuruto 60 1 2 2
2 Emil Johansson Jesper Pettersson 40 1 2 2
Last Minutes Offensive
Center Left Wing Right Wing Defense Defense
William Karlsson Jamie McGinn Colton Sceviour Mikko Vainonen Gianluca Curcuruto
Last Minutes Defensive
Center Left Wing Right Wing Defense Defense
William Karlsson Jamie McGinn Colton Sceviour Mikko Vainonen Gianluca Curcuruto
Goaltenders
Starting : Sergei Kostenko
Backup : Niklas Treutle
Extra Forwards
Normal : Zach Stepan, Vincent Dunn, Colby Cave - PP : Zach Stepan, Vincent Dunn - PK : Colby Cave
Extra Defensemen
Normal : Ryan Graves, Mackenze Stewart, Emil Johansson - PP : Ryan Graves - PK : Mackenze Stewart, Emil Johansson
Penalty Shots
William Karlsson, Brayden Point, Trevor Lewis, Jamie McGinn, Angelo Esposito
Scratches
Dany Roussin (Back Spasms Injury)
Carnivores
5 vs 5 Forward
Center Left Wing Right Wing Time % Phy DF OF
1 Scott Laughton Nicolas Kerdiles Joel Armia 40 1 2 2
2 Markus Granlund Blake Geoffrion Chris Lawrence 30 1 2 2
3 Anton Gustafsson Hunter Shinkaruk Mark McNeill 20 1 2 2
4 Lucas Wallmark Nicolas Deslauriers Brett Connolly 10 1 2 2
5 vs 5 Defense
Defense Defense Time % Phy DF OF
1 Mat Clark Josh Morrissey 40 1 2 2
2 T.J Brodie Travis Dermott 30 1 2 2
3 Andreas Englund Trevor Van Riemsdyk 20 1 2 2
4 Carl Dahlstrom Christian Djoos 10 1 2 2
PowerPlay Forward
Center Left Wing Right Wing Time % Phy DF OF
1 Scott Laughton Nicolas Kerdiles Joel Armia 60 1 1 3
2 Markus Granlund Blake Geoffrion Chris Lawrence 40 1 1 3
PowerPlay Defense
Defense Defense Time % Phy DF OF
1 Mat Clark Josh Morrissey 60 1 1 3
2 T.J Brodie Travis Dermott 40 1 1 3
Penalty Kill 4 Players Forward
Center Wing Time % Phy DF OF
1 Anton Gustafsson Nicolas Kerdiles 60 1 2 2
2 Lucas Wallmark Nicolas Deslauriers 40 1 2 2
Penalty Kill 4 Players Defense
Defense Defense Time % Phy DF OF
1 Mat Clark Josh Morrissey 60 1 3 1
2 Andreas Englund T.J Brodie 40 1 3 1
Penalty Kill - 3 Players Forward
Forward Time % Phy DF OF
1 Anton Gustafsson 60 1 3 1
2 Mark McNeill 40 1 3 1
Penalty Kill - 3 Players Defense
Defense Defense Time % Phy DF OF
1 Mat Clark Josh Morrissey 60 1 3 1
2 Andreas Englund T.J Brodie 40 1 3 1
4 vs 4 Forward
Center Wing Time % Phy DF OF
1 Scott Laughton Nicolas Kerdiles 60 1 2 2
2 Markus Granlund Mark McNeill 40 1 2 2
4 vs 4 Defense
Defense Defense Time % Phy DF OF
1 Mat Clark Josh Morrissey 60 1 2 2
2 T.J Brodie Travis Dermott 40 1 2 2
Last Minutes Offensive
Center Left Wing Right Wing Defense Defense
Scott Laughton Nicolas Kerdiles Joel Armia Mat Clark Josh Morrissey
Last Minutes Defensive
Center Left Wing Right Wing Defense Defense
Markus Granlund Nicolas Kerdiles Mark McNeill Mat Clark Josh Morrissey
Goaltenders
Starting : Niklas Svedberg
Backup : Tristan Jarry
Extra Forwards
Normal : Freddie Hamilton, Markus Granlund, Mark McNeill - PP : Freddie Hamilton, Hunter Shinkaruk - PK : Mark McNeill
Extra Defensemen
Normal : Josh Morrissey, Travis Dermott, Mat Clark - PP : Travis Dermott - PK : Andreas Englund, Carl Dahlstrom
Penalty Shots
Nicolas Kerdiles, Blake Geoffrion, Markus Granlund, Scott Laughton, Joel Armia
Scratches
Ryan Olsen (Healthy), Mattias Backman (Separated Left Shoulder Injury), Adam Almquist (Healthy), Sergei Zborovskiy (Healthy), Filip Chlapik (Healthy)
Stanislav Galiev (Healthy), Mark MacMillan (Healthy), Troy Bourke (Healthy), Alexandre Mallet (Healthy), Riley Barber (Healthy)
Josh Wesley (Healthy), Linus Ullmark (Healthy)
% Time on Ice - Thunder
Lines # - Real PCT - Wanted PCT - Time Play
Normal Forward
1 - 35% - 40% - 15:27
2 - 32% - 30% - 14:06
3 - 26% - 20% - 11:22
4 - 8% - 10% - 3:32
Normal Defense
1 - 35% - 40% - 15:41
2 - 34% - 30% - 15:11
3 - 27% - 20% - 12:06
4 - 3% - 10% - 1:29
PP Forward
1 - 56% - 60% - 5:48
2 - 44% - 40% - 4:32
PP Defense
1 - 65% - 60% - 6:42
2 - 35% - 40% - 3:38
PK Forward
1 - 74% - 60% - 2:22
2 - 26% - 40% - 0:50
PK Defense
1 - 67% - 60% - 2:09
2 - 33% - 40% - 1:03
PK3 Forward
1 - 0% - 60%
2 - 0% - 40%
PK3 Defense
1 - 0% - 60%
2 - 0% - 40%
44 Forward
1 - 100% - 60% - 0:46
2 - 0% - 40% - 0:00
44 Defense
1 - 37% - 60% - 0:17
2 - 63% - 40% - 0:29
Last Minute Offensive - 0:00
Last Minute Defensive - 1:15
Total
Forward - 60:00
Defense - 60:00
|
% Time on Ice - Carnivores
Lines # - Real PCT - Wanted PCT - Time Play
Normal Forward
1 - 35% - 40% - 15:29
2 - 30% - 30% - 13:17
3 - 20% - 20% - 8:51
4 - 16% - 10% - 6:57
Normal Defense
1 - 37% - 40% - 16:37
2 - 29% - 30% - 12:45
3 - 18% - 20% - 8:00
4 - 16% - 10% - 7:12
PP Forward
1 - 53% - 60% - 1:42
2 - 47% - 40% - 1:30
PP Defense
1 - 45% - 60% - 1:27
2 - 55% - 40% - 1:45
PK Forward
1 - 72% - 60% - 7:27
2 - 28% - 40% - 2:53
PK Defense
1 - 60% - 60% - 6:12
2 - 40% - 40% - 4:08
PK3 Forward
1 - 0% - 60%
2 - 0% - 40%
PK3 Defense
1 - 0% - 60%
2 - 0% - 40%
44 Forward
1 - 100% - 60% - 0:46
2 - 0% - 40% - 0:00
44 Defense
1 - 100% - 60% - 0:46
2 - 0% - 40% - 0:00
Last Minute Offensive - 1:08
Last Minute Defensive - 0:00
Total
Forward - 60:00
Defense - 60:00
|
Play-by-Play
1st period
0:01 of 1st period - William Karlsson wins face-off versus Scott Laughton in neutral zone.
0:40 of 1st period - Snap shot by Blake Geoffrion.
0:40 of 1st period - Shot Misses the Net.
0:58 of 1st period - Snap shot by Hunter Shinkaruk.
0:58 of 1st period - Shot Hit the Post.
1:02 of 1st period - Snap shot by Hunter Shinkaruk.
1:02 of 1st period - Stopped by Sergei Kostenko with a rebound.
1:16 of 1st period - Nicolas Deslauriers is hit by Angelo Esposito and loses puck.
1:20 of 1st period - Icing by Nicolas Deslauriers.
1:21 of 1st period - Angelo Esposito wins face-off versus Lucas Wallmark in Carnivores zone.
1:44 of 1st period - Snap shot by Brayden Point.
1:44 of 1st period - Shot Misses the Net.
2:02 of 1st period - Carl Dahlstrom is hit by Jamie McGinn and loses puck.
2:49 of 1st period - Slapshot by Brett Connolly.
2:49 of 1st period - Shot Misses the Net.
3:05 of 1st period - Slapshot by Scott Laughton.
3:05 of 1st period - Deflect By Colton Sceviour.
3:05 of 1st period - Stopped by Sergei Kostenko without a rebound.
3:06 of 1st period - Markus Granlund wins face-off versus William Karlsson in Thunder zone.
3:21 of 1st period - Slapshot by Chris Lawrence.
3:21 of 1st period - Shot Misses the Net.
3:52 of 1st period - Snap shot by Trevor Lewis.
3:52 of 1st period - Shot Misses the Net.
3:58 of 1st period - Slapshot by Artturi Lehkonen.
3:58 of 1st period - Stopped by Niklas Svedberg with a rebound.
4:22 of 1st period - Snap shot by Blake Geoffrion.
4:22 of 1st period - Stopped by Sergei Kostenko with a rebound.
4:24 of 1st period - Wrist shot by Markus Granlund.
4:24 of 1st period - Shot Misses the Net.
4:51 of 1st period - William Karlsson is hit by Scott Laughton and loses puck.
6:04 of 1st period - Wrist shot by Joel Armia.
6:04 of 1st period - Deflect By Austin Poganski.
6:04 of 1st period - Stopped by Sergei Kostenko with a rebound.
6:23 of 1st period - Icing by Jamie McGinn.
6:24 of 1st period - Scott Laughton wins face-off versus Colton Sceviour in Thunder zone.
6:39 of 1st period - Snap shot by Scott Laughton.
6:39 of 1st period - Stopped by Sergei Kostenko without a rebound.
6:40 of 1st period - Markus Granlund wins face-off versus Brayden Point in Thunder zone.
6:49 of 1st period - Slapshot by Blake Geoffrion.
6:49 of 1st period - Shot Misses the Net.
6:51 of 1st period - Snap shot by Mat Clark.
6:51 of 1st period - Shot Blocked by Brayden Point.
6:53 of 1st period - Slapshot by Chris Lawrence.
6:53 of 1st period - Shot Misses the Net.
6:55 of 1st period - Snap shot by Mat Clark.
6:55 of 1st period - Deflect By Artturi Lehkonen.
6:55 of 1st period - Stopped by Sergei Kostenko with a rebound.
7:14 of 1st period - Snap shot by Joel Armia.
7:14 of 1st period - Stopped by Sergei Kostenko with a rebound.
7:45 of 1st period - Hunter Shinkaruk is hit by Brayden Point and loses puck.
7:58 of 1st period - Blake Geoffrion is hit by Angelo Esposito and loses puck.
8:19 of 1st period - Brayden Point is hit by Mat Clark and loses puck.
8:36 of 1st period - William Karlsson is hit by Mark McNeill and loses puck.
8:41 of 1st period - Wrist shot by Anton Gustafsson.
8:41 of 1st period - Stopped by Sergei Kostenko with a rebound.
8:43 of 1st period - Slapshot by Mat Clark.
8:43 of 1st period - Stopped by Sergei Kostenko without a rebound.
8:44 of 1st period - Trevor Lewis wins face-off versus Scott Laughton in Thunder zone.
9:19 of 1st period - Icing by Andreas Englund.
9:20 of 1st period - Markus Granlund wins face-off versus Brayden Point in Carnivores zone.
9:25 of 1st period - Wrist shot by Nicolas Kerdiles.
9:25 of 1st period - Shot Hit the Post.
9:29 of 1st period - Snap shot by Joel Armia.
9:29 of 1st period - Shot Misses the Net.
9:52 of 1st period - Snap shot by Trevor Lewis.
9:52 of 1st period - Goal by Trevor Lewis - Thunder : 1 - Carnivores : 0.
9:53 of 1st period - William Karlsson wins face-off versus Scott Laughton in neutral zone.
10:19 of 1st period - Gianluca Curcuruto is hit by Mat Clark and loses puck.
10:40 of 1st period - Off-side.
10:41 of 1st period - Trevor Lewis wins face-off versus Anton Gustafsson in neutral zone.
10:54 of 1st period - Slapshot by Angelo Esposito.
10:54 of 1st period - Stopped by Niklas Svedberg without a rebound.
10:55 of 1st period - Colton Sceviour wins face-off versus Scott Laughton in Carnivores zone.
10:56 of 1st period - Snap shot by William Karlsson.
10:56 of 1st period - Shot Blocked by Scott Laughton.
10:58 of 1st period - Slapshot by Mikko Vainonen.
10:58 of 1st period - Shot Misses the Net.
11:00 of 1st period - Slapshot by Gianluca Curcuruto.
11:00 of 1st period - Shot Misses the Net.
11:02 of 1st period - Slapshot by Mikko Vainonen.
11:02 of 1st period - Stopped by Niklas Svedberg with a rebound.
11:20 of 1st period - Austin Poganski is hit by Blake Geoffrion and loses puck.
11:34 of 1st period - Icing by Brayden Point.
11:35 of 1st period - Joel Armia wins face-off versus Brayden Point in Thunder zone.
11:42 of 1st period - Snap shot by Scott Laughton.
11:42 of 1st period - Shot Misses the Net.
11:44 of 1st period - Slapshot by Josh Morrissey.
11:44 of 1st period - Stopped by Sergei Kostenko with a rebound.
12:08 of 1st period - Wrist shot by Jamie McGinn.
12:08 of 1st period - Stopped by Niklas Svedberg without a rebound.
12:09 of 1st period - William Karlsson wins face-off versus Scott Laughton in Carnivores zone.
12:10 of 1st period - Snap shot by Jamie McGinn.
12:10 of 1st period - Shot Misses the Net.
12:12 of 1st period - Minor Penalty to Scott Laughton for Hooking.
12:13 of 1st period - Nicolas Kerdiles wins face-off versus William Karlsson in Carnivores zone.
12:26 of 1st period - Slapshot by Jamie McGinn.
12:26 of 1st period - Stopped by Niklas Svedberg without a rebound.
12:27 of 1st period - Anton Gustafsson wins face-off versus Jamie McGinn in Carnivores zone.
12:58 of 1st period - Snap shot by Brayden Point.
12:58 of 1st period - Stopped by Niklas Svedberg with a rebound.
13:00 of 1st period - Backhand shot by Brayden Point.
13:00 of 1st period - Deflect By Artturi Lehkonen.
13:00 of 1st period - Goal by Artturi Lehkonen - Thunder : 2 - Carnivores : 0.
13:01 of 1st period - William Karlsson wins face-off versus Scott Laughton in neutral zone.
13:11 of 1st period - Mikko Vainonen is hit by Joel Armia and loses puck.
13:36 of 1st period - Slapshot by Brayden Point.
13:36 of 1st period - Stopped by Niklas Svedberg with a rebound.
13:44 of 1st period - Minor Penalty to Mat Clark for Hooking.
13:45 of 1st period - Anton Gustafsson wins face-off versus William Karlsson in Carnivores zone.
13:52 of 1st period - Wrist shot by Jamie McGinn.
13:52 of 1st period - Goal by Jamie McGinn - Thunder : 3 - Carnivores : 0.
13:53 of 1st period - William Karlsson wins face-off versus Markus Granlund in neutral zone.
14:08 of 1st period - Wrist shot by Jamie McGinn.
14:08 of 1st period - Shot Misses the Net.
14:34 of 1st period - Joel Armia is hit by Jakob Lilja and loses puck.
15:39 of 1st period - Slapshot by Hunter Shinkaruk.
15:39 of 1st period - Shot Misses the Net.
16:16 of 1st period - Gianluca Curcuruto is hit by Mat Clark and loses puck.
16:45 of 1st period - Blake Geoffrion is hit by William Karlsson and loses puck.
18:36 of 1st period - Hunter Shinkaruk is hit by Emil Johansson and loses puck.
18:59 of 1st period - Snap shot by Nicolas Deslauriers.
18:59 of 1st period - Shot Misses the Net.
19:01 of 1st period - Slapshot by Carl Dahlstrom.
19:01 of 1st period - Stopped by Sergei Kostenko with a rebound.
19:19 of 1st period - Snap shot by Blake Geoffrion.
19:19 of 1st period - Shot Blocked by Emil Johansson.
19:21 of 1st period - Slapshot by Markus Granlund.
19:21 of 1st period - Shot Blocked by Emil Johansson.
19:28 of 1st period - Icing by Emil Johansson.
19:29 of 1st period - Brayden Point wins face-off versus Scott Laughton in Thunder zone.
19:44 of 1st period - Colton Sceviour is hit by Scott Laughton and loses puck.
Goals for this period are 3 for Thunder vs 0 for Carnivores.
Shots for this period are 10 for Thunder vs 11 for Carnivores.
2nd period
0:01 of 2nd period - William Karlsson wins face-off versus Scott Laughton in neutral zone.
0:37 of 2nd period - Minor Penalty to Blake Geoffrion for Interference.
0:38 of 2nd period - William Karlsson wins face-off versus Anton Gustafsson in Carnivores zone.
0:40 of 2nd period - Snap shot by William Karlsson.
0:40 of 2nd period - Stopped by Niklas Svedberg without a rebound.
0:41 of 2nd period - Nicolas Kerdiles wins face-off versus William Karlsson in Carnivores zone.
2:16 of 2nd period - Gianluca Curcuruto is hit by Lucas Wallmark and loses puck.
2:37 of 2nd period - Penalty to Blake Geoffrion is over, Blake Geoffrion is back on ice.
2:57 of 2nd period - Wrist shot by Jakob Lilja.
2:57 of 2nd period - Stopped by Niklas Svedberg with a rebound.
2:59 of 2nd period - Minor Penalty to Brett Connolly for Hooking.
3:00 of 2nd period - Anton Gustafsson wins face-off versus William Karlsson in Carnivores zone.
4:59 of 2nd period - Penalty to Brett Connolly is over, Brett Connolly is back on ice.
5:18 of 2nd period - Snap shot by Blake Geoffrion.
5:18 of 2nd period - Shot Misses the Net.
5:45 of 2nd period - Snap shot by Nicolas Deslauriers.
5:45 of 2nd period - Stopped by Sergei Kostenko with a rebound.
6:13 of 2nd period - Jamie McGinn is hit by Markus Granlund and loses puck.
6:57 of 2nd period - Blake Geoffrion is hit by Artturi Lehkonen.
7:03 of 2nd period - Wrist shot by Blake Geoffrion.
7:03 of 2nd period - Stopped by Sergei Kostenko without a rebound.
7:04 of 2nd period - Markus Granlund wins face-off versus William Karlsson in Thunder zone.
7:25 of 2nd period - Wrist shot by Artturi Lehkonen.
7:25 of 2nd period - Stopped by Niklas Svedberg with a rebound.
7:27 of 2nd period - Slapshot by Artturi Lehkonen.
7:27 of 2nd period - Shot Misses the Net.
7:29 of 2nd period - Snap shot by Austin Poganski.
7:29 of 2nd period - Shot Misses the Net.
7:31 of 2nd period - Wrist shot by Artturi Lehkonen.
7:31 of 2nd period - Stopped by Niklas Svedberg without a rebound.
7:32 of 2nd period - Brayden Point wins face-off versus Scott Laughton in Carnivores zone.
7:33 of 2nd period - Wrist shot by Artturi Lehkonen.
7:33 of 2nd period - Stopped by Niklas Svedberg without a rebound.
7:34 of 2nd period - Scott Laughton wins face-off versus William Karlsson in Carnivores zone.
7:34 of 2nd period - Scott Laughton is hit by Mikko Vainonen.
7:40 of 2nd period - Snap shot by Nicolas Kerdiles.
7:40 of 2nd period - Deflect By Joel Armia.
7:40 of 2nd period - Goal by Joel Armia - Thunder : 3 - Carnivores : 1.
7:41 of 2nd period - William Karlsson wins face-off versus Joel Armia in neutral zone.
7:46 of 2nd period - Snap shot by Jamie McGinn.
7:46 of 2nd period - Stopped by Niklas Svedberg without a rebound.
7:47 of 2nd period - William Karlsson wins face-off versus Joel Armia in Carnivores zone.
7:59 of 2nd period - Minor Penalty to Gianluca Curcuruto for Diving.
8:00 of 2nd period - William Karlsson wins face-off versus Scott Laughton in Thunder zone.
8:16 of 2nd period - Wrist shot by Nicolas Kerdiles.
8:16 of 2nd period - Shot Misses the Net.
9:12 of 2nd period - Minor Penalty to Blake Geoffrion for Hooking.
9:13 of 2nd period - William Karlsson wins face-off versus Scott Laughton in Carnivores zone.
9:16 of 2nd period - Snap shot by William Karlsson.
9:16 of 2nd period - Stopped by Niklas Svedberg with a rebound.
9:35 of 2nd period - Icing by Emil Johansson.
9:36 of 2nd period - Nicolas Kerdiles wins face-off versus William Karlsson in Thunder zone.
9:41 of 2nd period - Snap shot by Nicolas Kerdiles.
9:41 of 2nd period - Goal by Nicolas Kerdiles - Thunder : 3 - Carnivores : 2.
9:42 of 2nd period - Scott Laughton wins face-off versus William Karlsson in neutral zone.
9:47 of 2nd period - Scott Laughton is hit by William Karlsson and loses puck.
9:52 of 2nd period - Wrist shot by William Karlsson.
9:52 of 2nd period - Stopped by Niklas Svedberg with a rebound.
9:59 of 2nd period - Penalty to Gianluca Curcuruto is over, Gianluca Curcuruto is back on ice.
10:32 of 2nd period - Austin Poganski is hit by T.J Brodie and loses puck.
10:49 of 2nd period - Snap shot by Jamie McGinn.
10:49 of 2nd period - Stopped by Niklas Svedberg with a rebound.
11:12 of 2nd period - Penalty to Blake Geoffrion is over, Blake Geoffrion is back on ice.
11:18 of 2nd period - Icing by Mat Clark.
11:19 of 2nd period - Markus Granlund wins face-off versus Trevor Lewis in Carnivores zone.
11:29 of 2nd period - Josh Morrissey is hit by Angelo Esposito and loses puck.
11:52 of 2nd period - Snap shot by Nicolas Deslauriers.
11:52 of 2nd period - Deflect By Brett Connolly.
11:52 of 2nd period - Stopped by Sergei Kostenko with a rebound.
12:04 of 2nd period - Snap shot by Artturi Lehkonen.
12:04 of 2nd period - Shot Misses the Net.
12:06 of 2nd period - Wrist shot by Artturi Lehkonen.
12:06 of 2nd period - Stopped by Niklas Svedberg with a rebound.
12:08 of 2nd period - Snap shot by Artturi Lehkonen.
12:08 of 2nd period - Stopped by Niklas Svedberg with a rebound.
12:10 of 2nd period - Slapshot by Ryan Graves.
12:10 of 2nd period - Shot Misses the Net.
12:26 of 2nd period - Snap shot by Scott Laughton.
12:26 of 2nd period - Deflect By Joel Armia.
12:26 of 2nd period - Shot Misses the Net.
12:26 of 2nd period - Puck is out of play.
12:27 of 2nd period - William Karlsson wins face-off versus Scott Laughton in Thunder zone.
13:01 of 2nd period - Slapshot by Artturi Lehkonen.
13:01 of 2nd period - Shot Hit the Post.
13:39 of 2nd period - Snap shot by Brett Connolly.
13:39 of 2nd period - Stopped by Sergei Kostenko without a rebound.
13:40 of 2nd period - Brayden Point wins face-off versus Scott Laughton in Thunder zone.
13:49 of 2nd period - Snap shot by Artturi Lehkonen.
13:49 of 2nd period - Stopped by Niklas Svedberg without a rebound.
13:50 of 2nd period - Brayden Point wins face-off versus Scott Laughton in Carnivores zone.
13:51 of 2nd period - Slapshot by Artturi Lehkonen.
13:51 of 2nd period - Shot Misses the Net.
14:11 of 2nd period - Slapshot by Nicolas Kerdiles.
14:11 of 2nd period - Stopped by Sergei Kostenko with a rebound.
14:13 of 2nd period - Wrist shot by Scott Laughton.
14:13 of 2nd period - Stopped by Sergei Kostenko without a rebound.
14:14 of 2nd period - Markus Granlund wins face-off versus William Karlsson in Thunder zone.
14:15 of 2nd period - Slapshot by Blake Geoffrion.
14:15 of 2nd period - Stopped by Sergei Kostenko with a rebound.
15:06 of 2nd period - Snap shot by Joel Armia.
15:06 of 2nd period - Stopped by Sergei Kostenko with a rebound.
15:08 of 2nd period - Wrist shot by Scott Laughton.
15:08 of 2nd period - Shot Blocked by Mikko Vainonen.
15:10 of 2nd period - Slapshot by Josh Morrissey.
15:10 of 2nd period - Shot Misses the Net.
15:12 of 2nd period - Slapshot by Josh Morrissey.
15:12 of 2nd period - Shot Misses the Net.
15:51 of 2nd period - Snap shot by Chris Lawrence.
15:51 of 2nd period - Shot Misses the Net.
16:10 of 2nd period - Snap shot by Mark McNeill.
16:10 of 2nd period - Stopped by Sergei Kostenko with a rebound.
16:16 of 2nd period - Snap shot by Anton Gustafsson.
16:16 of 2nd period - Shot Blocked by Emil Johansson.
16:56 of 2nd period - Wrist shot by Blake Geoffrion.
16:56 of 2nd period - Shot Misses the Net.
17:08 of 2nd period - Minor Penalty to Brett Connolly for Tripping.
17:09 of 2nd period - William Karlsson wins face-off versus Nicolas Kerdiles in Carnivores zone.
17:18 of 2nd period - Wrist shot by Jamie McGinn.
17:18 of 2nd period - Shot Misses the Net.
19:08 of 2nd period - Penalty to Brett Connolly is over, Brett Connolly is back on ice.
19:14 of 2nd period - Slapshot by Zach Stepan.
19:14 of 2nd period - Shot Blocked by Brett Connolly.
19:43 of 2nd period - Slapshot by Trevor Lewis.
19:43 of 2nd period - Shot Misses the Net.
19:55 of 2nd period - Mackenze Stewart is hit by Christian Djoos and loses puck.
Goals for this period are 0 for Thunder vs 2 for Carnivores.
Shots for this period are 12 for Thunder vs 11 for Carnivores.
3rd period
0:01 of 3rd period - William Karlsson wins face-off versus Scott Laughton in neutral zone.
0:06 of 3rd period - Snap shot by William Karlsson.
0:06 of 3rd period - Stopped by Niklas Svedberg with a rebound.
2:12 of 3rd period - Snap shot by Anton Gustafsson.
2:12 of 3rd period - Stopped by Sergei Kostenko with a rebound.
2:30 of 3rd period - Snap shot by Jamie McGinn.
2:30 of 3rd period - Shot Misses the Net.
2:32 of 3rd period - Wrist shot by Colton Sceviour.
2:32 of 3rd period - Deflect By Josh Morrissey.
2:32 of 3rd period - Shot Misses the Net.
2:32 of 3rd period - Puck is out of play.
2:33 of 3rd period - Scott Laughton wins face-off versus William Karlsson in Carnivores zone.
3:03 of 3rd period - Backhand shot by Artturi Lehkonen.
3:03 of 3rd period - Shot Misses the Net.
3:05 of 3rd period - Snap shot by Austin Poganski.
3:05 of 3rd period - Stopped by Niklas Svedberg without a rebound.
3:06 of 3rd period - Brayden Point wins face-off versus Markus Granlund in Carnivores zone.
3:07 of 3rd period - Snap shot by Artturi Lehkonen.
3:07 of 3rd period - Shot Misses the Net.
3:09 of 3rd period - Slapshot by Jesper Pettersson.
3:09 of 3rd period - Shot Misses the Net.
5:22 of 3rd period - Snap shot by Nicolas Kerdiles.
5:22 of 3rd period - Shot Misses the Net.
5:42 of 3rd period - Trevor Lewis is hit by Blake Geoffrion and loses puck.
6:46 of 3rd period - Wrist shot by Mat Clark.
6:46 of 3rd period - Stopped by Sergei Kostenko with a rebound.
7:58 of 3rd period - T.J Brodie is hit by Zach Stepan.
8:21 of 3rd period - Minor Penalty to Scott Laughton for Hooking.
8:22 of 3rd period - William Karlsson wins face-off versus Anton Gustafsson in Carnivores zone.
9:12 of 3rd period - Nicolas Kerdiles is hit by Colton Sceviour.
9:24 of 3rd period - Artturi Lehkonen is hit by Lucas Wallmark and loses puck.
9:43 of 3rd period - Gianluca Curcuruto is hit by Mark McNeill and loses puck.
10:21 of 3rd period - Penalty to Scott Laughton is over, Scott Laughton is back on ice.
10:48 of 3rd period - Andreas Englund is hit by Jakob Lilja and loses puck.
11:17 of 3rd period - William Karlsson is hit by Carl Dahlstrom and loses puck.
11:38 of 3rd period - Wrist shot by Mark McNeill.
11:38 of 3rd period - Goal by Mark McNeill - Thunder : 3 - Carnivores : 3.
11:39 of 3rd period - William Karlsson wins face-off versus Joel Armia in neutral zone.
11:42 of 3rd period - Slapshot by Gianluca Curcuruto.
11:42 of 3rd period - Deflect By William Karlsson.
11:42 of 3rd period - Stopped by Niklas Svedberg without a rebound.
11:43 of 3rd period - Scott Laughton wins face-off versus William Karlsson in Carnivores zone.
11:43 of 3rd period - Scott Laughton is hit by William Karlsson.
11:46 of 3rd period - Minor Penalty to Joel Armia for Hooking.
11:47 of 3rd period - Anton Gustafsson wins face-off versus William Karlsson in Carnivores zone.
12:01 of 3rd period - Wrist shot by William Karlsson.
12:01 of 3rd period - Goal by William Karlsson - Thunder : 4 - Carnivores : 3.
12:02 of 3rd period - William Karlsson wins face-off versus Scott Laughton in neutral zone.
12:05 of 3rd period - Wrist shot by Gianluca Curcuruto.
12:05 of 3rd period - Deflect By Jamie McGinn.
12:05 of 3rd period - Stopped by Niklas Svedberg without a rebound.
12:06 of 3rd period - William Karlsson wins face-off versus Scott Laughton in Carnivores zone.
12:07 of 3rd period - Snap shot by Jamie McGinn.
12:07 of 3rd period - Shot Misses the Net.
12:42 of 3rd period - Snap shot by Anton Gustafsson.
12:42 of 3rd period - Shot Misses the Net.
12:52 of 3rd period - Snap shot by William Karlsson.
12:52 of 3rd period - Stopped by Niklas Svedberg without a rebound.
12:53 of 3rd period - Brayden Point wins face-off versus Markus Granlund in Carnivores zone.
13:18 of 3rd period - Travis Dermott is hit by Jakob Lilja.
13:28 of 3rd period - Slapshot by Jakob Lilja.
13:28 of 3rd period - Stopped by Niklas Svedberg with a rebound.
13:30 of 3rd period - Slapshot by Emil Johansson.
13:30 of 3rd period - Deflect By Andreas Englund.
13:30 of 3rd period - Stopped by Niklas Svedberg with a rebound.
13:48 of 3rd period - Slapshot by Mat Clark.
13:48 of 3rd period - Shot Blocked by Ryan Graves.
14:26 of 3rd period - Mat Clark is hit by Angelo Esposito and loses puck.
14:39 of 3rd period - Snap shot by Nicolas Kerdiles.
14:39 of 3rd period - Shot Misses the Net.
14:51 of 3rd period - Snap shot by Anton Gustafsson.
14:51 of 3rd period - Stopped by Sergei Kostenko with a rebound.
15:25 of 3rd period - Snap shot by Joel Armia.
15:25 of 3rd period - Shot Misses the Net.
15:33 of 3rd period - Minor Penalty to Jesper Pettersson for Hooking.
15:34 of 3rd period - Scott Laughton wins face-off versus William Karlsson in Thunder zone.
17:14 of 3rd period - Snap shot by Jakob Lilja.
17:14 of 3rd period - Stopped by Niklas Svedberg with a rebound.
17:16 of 3rd period - Snap shot by Zach Stepan.
17:16 of 3rd period - Stopped by Niklas Svedberg with a rebound.
17:33 of 3rd period - Penalty to Jesper Pettersson is over, Jesper Pettersson is back on ice.
17:44 of 3rd period - Snap shot by Anton Gustafsson.
17:44 of 3rd period - Stopped by Sergei Kostenko with a rebound.
17:46 of 3rd period - Wrist shot by Anton Gustafsson.
17:46 of 3rd period - Shot Misses the Net.
17:48 of 3rd period - Snap shot by Anton Gustafsson.
17:48 of 3rd period - Shot Blocked by Brayden Point.
17:52 of 3rd period - Wrist shot by Hunter Shinkaruk.
17:52 of 3rd period - Stopped by Sergei Kostenko with a rebound.
19:04 of 3rd period - Joel Armia is hit by Mikko Vainonen and loses puck.
19:16 of 3rd period - Off-side.
19:17 of 3rd period - Wayne Gretzky call a timeout for Carnivores.
19:17 of 3rd period - Zach Stepan wins face-off versus Scott Laughton in neutral zone.
19:25 of 3rd period - Off-side.
19:26 of 3rd period - Scott Laughton wins face-off versus Zach Stepan in neutral zone.
19:42 of 3rd period - Carnivores, Niklas Svedberg is pulled from the net.
19:44 of 3rd period - Snap shot by Nicolas Kerdiles.
19:44 of 3rd period - Shot Blocked by Ryan Graves.
19:56 of 3rd period - Snap shot by Zach Stepan.
19:56 of 3rd period - Shot Misses the Net.
Goals for this period are 1 for Thunder vs 1 for Carnivores.
Shots for this period are 10 for Thunder vs 6 for Carnivores.